[Event "Early-Titled-Tuesday-Blitz-January-23-2024"]
[Site "Chess.com"]
[Date "2024.01.23"]
[Round "9"]
[White "hmatyi07"]
[Black "LaPiToB"]
[Result "1/2-1/2"]
[WhiteElo "2185"]
[BlackElo "2288"]
[TimeControl "180+1"]
[EndTime "9:45:37 PST"]
[Termination "Game drawn by repetition"]

1. e4 c6 2. d4 d5 3. f3 dxe4 4. fxe4 e5 5. Nf3 Bg4 6. c3 Nd7 7. Bd3 Ngf6 8. O-O Bd6 9. Nbd2 O-O 10. Nc4 Bc7 11. Ne3 Bh5 12. Nf5 Re8 13. Qc2 Bg6 14. N3h4 exd4 15. cxd4 Bb6 16. Kh1 Nf8 17. Be3 Ne6 18. Rad1 Bh5 19. Rd2 Ba5 20. Rdf2 Ng4 21. Rf3 Nxe3 22. Rxe3 Nxd4 23. Qc4 Nxf5 24. Nxf5 Bg6 25.
Rg3 Bc7 26. Nxg7 Bxg3 27. Nxe8 Qxe8 28. hxg3 Rd8 29. Bc2 Qe5 30. Qb3 Rd7 31. Bd3 Kg7 32. Bc4 Qh5+ 33. Kg1 Qc5+ 34. Kh1 Qh5+ 35. Kg1 Bxe4 36.
Qc3+ Kg8 37. Qe3 Re7 38. Rxf7 Rxf7 39. Qxe4 Qc5+ 40. Kh2 Qh5+ 41. Kg1 Qd1+ 42. Kh2 Qh5+ 43. Kg1 1/2-1/2

[Event "Early-Titled-Tuesday-Blitz-January-23-2024"]
[Site "Chess.com"]
[Date "2024.01.23"]
[Round "9"]
[White "stollenmonster"]
[Black "DTChess"]
[Result "1-0"]
[WhiteElo "2901"]
[BlackElo "2620"]
[TimeControl "180+1"]
[EndTime "9:45:38 PST"]
[Termination "stollenmonster won by resignation"]

1. e4 e5 2. Nc3 Nc6 3. g3 g6 4. Bg2 Bg7 5. Nge2 Nge7 6. d3 O-O 7.
O-O d6 8. h3 f5 9. f4 Be6 10.
Nd5 Qd7 11. Kh2 Rae8 12. c3 fxe4 13. dxe4 exf4 14. Nexf4 Nc8 15. Be3 Nb6 16. Qe2 Be5 17. Rae1 Bxd5 18. exd5 Nd8 19. Qd3 Qg7 20. Qb5 a6 21.
Qb3 Nc8 22. Ne6 Nxe6 23. dxe6 Rxf1 24. Rxf1 Ne7 25. Rf7 Bxg3+ 26. Kxg3 Nf5+ 27. Kf2 Qe5 28. Bd4 Qg3+ 29. Kf1 c5 30. Bf2 Qf4 31. Rxf5 Qxf5 32. Qd5 Qb1+ 33. Be1 Re7 34. Bf3 Qf5 35. Qxf5 gxf5 36.
Bd5 Kf8 37. Bg3 Rg7 38. Bxd6+ Ke8 39. Kf2 b5 40. Bc6+ 1-0

[Event "Early-Titled-Tuesday-Blitz-January-23-2024"]
[Site "Chess.com"]
[Date "2024.01.23"]
[Round "9"]
[White "Happy1712Drummer"]
[Black "Felix-Rose"]
[Result "1-0"]
[WhiteElo "2442"]
[BlackElo "2301"]
[TimeControl "180+1"]
[EndTime "9:45:38 PST"]
[Termination "Happy1712Drummer won on time"]

1. e4 g6 2. d4 Bg7 3. Nc3 d6 4. g3 Nd7 5. Bg2 Ngf6 6. Nge2 O-O 7. O-O e5 8. h3 c6 9. Be3 Re8 10. Qd2 Qc7 11. Rad1 exd4 12. Nxd4 Nc5 13. f3 Nh5 14. Nde2 Bf8 15. f4 b5 16. b4 Nb7 17. Bd4 Bg7 18.
g4 Bxd4+ 19. Qxd4 Ng7 20. f5 a5 21. Nf4 axb4 22. Qxb4 Qb6+ 23. Kh1 Bd7 24. f6 Ne6 25.
Nxe6 Rxe6 26. Ne2 Ra4 27. Qd2 Nc5 28. Qh6 Rxf6 29. Rxf6 Nxe4 30. Bxe4 Rxe4 31. Rfxd6 1-0

[Event "Early-Titled-Tuesday-Blitz-January-23-2024"]
[Site "Chess.com"]
[Date "2024.01.23"]
[Round "9"]
[White "Byniolus"]
[Black "Alexchess1984"]
[Result "1-0"]
[WhiteElo "2860"]
[BlackElo "2684"]
[TimeControl "180+1"]
[EndTime "9:45:39 PST"]
[Termination "Byniolus won by resignation"]

1. d4 Nf6 2. Nf3 g6 3. Bf4 Bg7 4. e3 d5 5. Nbd2 O-O 6. c3 b6 7. h3 Bb7 8. Bd3 c5 9. O-O Nc6 10. Qe2 Nd7 11. Bh2 e5 12. dxe5 Ndxe5 13. Ba6 Nxf3+ 14.
Nxf3 Bxa6 15. Qxa6 Qe7 16. Rad1 Rfd8 17. Rd2 d4 18. exd4 cxd4 19. c4 d3 20. Bf4 Qe4 21. Bg5 Rd7 22. Re1 Qf5 23. Qb5 Qxb5 24. cxb5 Na5 25.
Red1 h6 26. Bh4 g5 27. Bg3 Rad8 28. Ne1 Nc4 29. Rxd3 Rxd3 30. Nxd3 f5 31. b3 Na3 32. f4 Nxb5 33. Nf2 Rxd1+ 34. Nxd1 Bd4+ 35. Kf1 Kf7 36. Ke2 Bf6 37. Kd3 Nc3 38. Nxc3 1-0

[Event "Early-Titled-Tuesday-Blitz-January-23-2024"]
[Site "Chess.com"]
[Date "2024.01.23"]
[Round "9"]
[White "BardArtem"]
[Black "shimastream"]
[Result "0-1"]
[WhiteElo "2820"]
[BlackElo "3020"]
[TimeControl "180+1"]
[EndTime "9:45:40 PST"]
[Termination "shimastream won by resignation"]

1. e4 e5 2. Nf3 Nc6 3. Bc4 Nf6 4.
d3 Be7 5. Nc3 O-O 6. a3 d6 7. h3 Be6 8. O-O Qd7 9. Re1 h6 10.
Qe2 Rae8 11. Nd5 Bd8 12. Ba2 Bxd5 13. exd5 Ne7 14. c4 Ng6 15. Be3 Nh5 16. Qd2 f5 17.
Qa5 a6 18. c5 Qf7 19. c6 b6 20. Qxa6 Ngf4 21. d4 e4 22. Nd2 Qg6 23. Qf1 Nxh3+ 24.
Kh1 N3f4 25. Bb1 Kh8 26. Bxf4 Nxf4 27. a4 Bf6 28. Ra3 Bxd4 29. Rg3 Qf6 30. Kg1 Bxb2 31.
Nc4 Bd4 32. Ne3 Qh4 33. Bc2 Nh5 34. Rh3 Qg5 35. Nc4 Ng3 36. Rxg3 Qxg3 37. Qe2 f4 38. Nd2 f3 39. Nxf3 exf3 40. Qxe8 0-1

[Event "Early-Titled-Tuesday-Blitz-January-23-2024"]
[Site "Chess.com"]
[Date "2024.01.23"]
[Round "9"]
[White "Iskusnyh"]
[Black "Irishchessman16"]
[Result "1-0"]
[WhiteElo "2659"]
[BlackElo "2502"]
[TimeControl "180+1"]
[EndTime "9:45:40 PST"]
[Termination "Iskusnyh won by resignation"]

1. d4 Nf6 2. c4 e6 3. g3 c5 4. Nf3 cxd4 5. Nxd4 a6 6. Bg2 Qc7 7. b3 Bc5 8. O-O O-O 9. Bb2 Nc6 10. Nxc6 dxc6 11.
Bxf6 gxf6 12. Nc3 Qe5 13. Qc2 f5 14. Rad1 Bb4 15. Na4 b5 16. Nb2 Ra7 17. Nd3 Qc3 18. Nxb4 Qxb4 19. Bxc6 bxc4 20. bxc4 Rc7 21. Bf3 Rxc4 22.
Qd3 e5 23. Bd5 Rg4 24. Qe3 Re8 25. Bc6 f4 26. Qa7 Rf8 27. Qc7 Rg5 28. Rd8 Bh3 29. Rfd1 Kg7 30. Rxf8 Qxf8 31. Rd6 Be6 32. Rxe6 Qc5 33.
Re7 Rf5 34. Be4 Qxc7 35. Rxc7 Rf6 36. g4 Rb6 37. Bd5 1-0

[Event "Early-Titled-Tuesday-Blitz-January-23-2024"]
[Site "Chess.com"]
[Date "2024.01.23"]
[Round "9"]
[White "Klavdia_Nik"]
[Black "rionelG"]
[Result "0-1"]
[WhiteElo "2151"]
[BlackElo "2303"]
[TimeControl "180+1"]
[EndTime "9:45:40 PST"]
[Termination "rionelG won on time"]

1. Nf3 d5 2. c4 e6 3. b3 Nf6 4.
Bb2 Be7 5. cxd5 exd5 6. g3 O-O 7. Bg2 c5 8. d4 b6 9. O-O Bg4 10. Ne5 Be6 11. Nc3 a6 12. dxc5 bxc5 13. e3 Ra7 14.
Rc1 Qd6 15. Na4 Rc8 16. h3 Rac7 17. Qe2 Nc6 18. Nd3 Nd7 19. Nf4 Nce5 20. Nxe6 fxe6 21. f4 Nc6 22. Rfd1 Nb4 23. a3 Nc6 24. Qxa6 Rb8 25. Qd3 Na5 26. b4 cxb4 27. Be5 Nxe5 28. fxe5 Qxe5 29.
Rxc7 Qxc7 30. axb4 Rxb4 31. Kh2 Rb3 32. Qe2 h6 0-1

[Event "Early-Titled-Tuesday-Blitz-January-23-2024"]
[Site "Chess.com"]
[Date "2024.01.23"]
[Round "9"]
[White "LangesNasenhaar"]
[Black "Kostukov_Alex"]
[Result "1-0"]
[WhiteElo "2421"]
[BlackElo "2297"]
[TimeControl "180+1"]
[EndTime "9:45:41 PST"]
[Termination "LangesNasenhaar won on time"]

1. d4 g6 2. Nc3 Bg7 3. e4 d6 4. Bg5 c5 5. dxc5 Qa5 6. Qd2 Qxc5 7. Bd3 Nf6 8. Nf3 O-O 9. O-O Bg4 10. Be3 Qh5 11. Nd4 Nc6 12. f3 Nxd4 13. Bxd4 Be6 14. Be3 Rfc8 15. a3 d5 16. Rab1 d4 17. Bxd4 Ng4 18.
fxg4 Bxd4+ 19. Kh1 Qxg4 20. Nd5 Bxd5 21. exd5 Be5 22.
g3 Qd4 23. Qg2 Rd8 24. Be4 Rac8 25. c3 Qc5 26. Rbd1 b5 27. Bc2 Rd6 28. Bb3 a5 29.
Qe2 Bf6 30. a4 b4 31. c4 h5 32. Rf4 Kg7 33. Rdf1 Rh8 34. h4 Qc7 35. Qf3 Qb6 36. Bc2 b3 37. Bxb3 Qb4 38. Bc2 Qxb2 39. Bd3 1-0

[Event "Early-Titled-Tuesday-Blitz-January-23-2024"]
[Site "Chess.com"]
[Date "2024.01.23"]
[Round "9"]
[White "Djager97"]
[Black "wanyaland"]
[Result "0-1"]
[WhiteElo "2561"]
[BlackElo "2481"]
[TimeControl "180+1"]
[EndTime "9:45:42 PST"]
[Termination "wanyaland won on time"]

1. e4 c5 2. Nf3 e6 3. d4 cxd4 4. Nxd4 Nc6 5. Nc3 Qc7 6. Be3 a6 7. Qf3 Nf6 8. Nxc6 bxc6 9. Qg3 e5 10. Bc4 Rb8 11. O-O-O Qa5 12. Nd5 d6 13. Nxf6+ gxf6 14. Qh4 Be7 15. Qh5 Rf8 16. Bh6 d5 17. exd5 Rxb2 18.
Kxb2 Ba3+ 19. Kb1 Qc3 20. Bc1 Bxc1 21. Kxc1 Qxc4 22. dxc6 Qxc6 23. Rd3 Be6 24. Rhd1 Ke7 25. Qh4 a5 26. Qg3 Rc8 27. R1d2 Bxa2 28. Kd1 Be6 29. Ke1 a4 30. Qe3 Rc7 31. f3 Qb5 32. Kf2 f5 33. Rc3 Rxc3 34. Qxc3 f4 35. Qc7+ Kf6 36. Qd8+ Kf5 37.
Qg8 a3 38. Qxh7+ Kf6 39. Qh6+ Ke7 40. Qg5+ f6 41. Qg7+ Bf7 42. Qh8 Qb6+ 0-1

[Event "Early-Titled-Tuesday-Blitz-January-23-2024"]
[Site "Chess.com"]
[Date "2024.01.23"]
[Round "9"]
[White "dianamirza"]
[Black "lularobs"]
[Result "1-0"]
[WhiteElo "1995"]
[BlackElo "1572"]
[TimeControl "180+1"]
[EndTime "9:45:42 PST"]
[Termination "dianamirza won on time"]

1. b4 e5 2. Bb2 Bxb4 3. Bxe5 Nf6 4. Nf3 O-O 5. e3 Re8 6. Bb2 d5 7. Be2 b6 8. O-O Bb7 9. a3 Bd6 10. c4 c5 11. cxd5 Nxd5 12. Nc3 Nd7 13. Qb3 N7f6 14. Bc4 Be5 15. Nxe5 Rxe5 16. f4 Re7 17. e4 Nxc3 18.
Qxc3 Qd4+ 19. Qxd4 cxd4 20. e5 Ne4 21. Rf2 Nxf2 22.
Kxf2 Rd8 23. d3 Rc7 24. a4 a6 25. Ba3 b5 26. axb5 axb5 27. Bd6 Rc6 28. Bxb5 Rc2+ 29. Kf1 Bxg2+ 30. Kg1 Bh3 31. Bc4 Rg2+ 32. Kh1 Rg6 33. Bd5 h6 34. Be4 Rg4 35. Bf5 Bg2+ 36. Kg1 Rxf4 37. Kxg2 Rxf5 38. Ra4 Rg5+ 39. Kf3 g6 40.
Rxd4 Kg7 41. h4 1-0

[Event "Early-Titled-Tuesday-Blitz-January-23-2024"]
[Site "Chess.com"]
[Date "2024.01.23"]
[Round "9"]
[White "luckyswitchback"]
[Black "ama18"]
[Result "0-1"]
[WhiteElo "2696"]
[BlackElo "2549"]
[TimeControl "180+1"]
[EndTime "9:45:44 PST"]
[Termination "ama18 won on time"]

1. e4 c5 2. Nf3 d6 3. Bb5+ Bd7 4. Bxd7+ Qxd7 5. c4 e5 6. Nc3 Nc6 7. d3 g6 8. h4 h5 9. a3 Bg7 10. Bg5 Nge7 11.
Bxe7 Nxe7 12. b4 O-O 13. bxc5 dxc5 14. Nd5 Nc6 15. O-O f5 16. Qe2 b6 17. Rab1 Rae8 18.
a4 Qd8 19. exf5 Rxf5 20. g3 Ref8 21. Ng5 Nd4 22. Qd1 Rxg5 23. hxg5 Qxg5 24. Kg2 h4 25. a5 bxa5 26. Rb7 Rf3 27. Rb8+ Bf8 28. Qxf3 h3+ 29.
Kxh3 Nxf3 30. Kg2 Nd4 31. Rh1 Ne6 32. Rb7 Bg7 33. Rb8+ Bf8 34. Rb7 a4 35. Rbh7 Bg7 36. R7h4 Nd4 0-1

[Event "Early-Titled-Tuesday-Blitz-January-23-2024"]
[Site "Chess.com"]
[Date "2024.01.23"]
[Round "9"]
[White "ljuks68"]
[Black "Grossboss19"]
[Result "0-1"]
[WhiteElo "2460"]
[BlackElo "2577"]
[TimeControl "180+1"]
[EndTime "9:45:44 PST"]
[Termination "Grossboss19 won on time"]

1. e4 c6 2. d4 d5 3. e5 c5 4. Nf3 Bg4 5. dxc5 Nc6 6. Be3 e6 7.
Bb5 Ne7 8. h3 Bh5 9. g4 Bg6 10. c3 h5 11. Nd4 hxg4 12. Qxg4 Rc8 13. Nd2 a6 14. Ba4 Qa5 15. Nxc6 Nxc6 16. Nb3 Qc7 17.
f4 Bf5 18. Qg3 Be7 19. O-O-O g6 20. h4 Rh5 21. Nd4 Be4 22. Rh2 Qa5 23. Bc2 Bxc2 24. Kxc2 Qxa2 25. Nxe6 Na5 26. Ng7+ Kf8 27. Nxh5 Nc4 28.
Rb1 Na3+ 29. Kd2 Qxb1 30. bxa3 gxh5 31. Rg2 Ke8 32. Qg8+ Kd7 33. Qg3 Qb2+ 34. Ke1 Qb1+ 35. Kf2 Bxc5 36. Bxc5 Rxc5 37. Qe3 Qc2+ 0-1

[Event "Early-Titled-Tuesday-Blitz-January-23-2024"]
[Site "Chess.com"]
[Date "2024.01.23"]
[Round "9"]
[White "azikom"]
[Black "HanSchut"]
[Result "1-0"]
[WhiteElo "2664"]
[BlackElo "2269"]
[TimeControl "180+1"]
[EndTime "9:45:45 PST"]
[Termination "azikom won on time"]

1. e4 c5 2. Nc3 Nc6 3. g3 g6 4. Bg2 Bg7 5. d3 e6 6. h4 Nge7 7. h5 d5 8. Nh3 Rb8 9. exd5 Nxd5 10. Nxd5 exd5 11. Nf4 d4 12. Bd2 Qe7+ 13. Kf1 Be6 14. Nxe6 Qxe6 15. a3 O-O 16. Qf3 Ne5 17. Qd5 Qxd5 18.
Bxd5 b6 19. Re1 Rbd8 20. Bg2 Rfe8 21. Rh4 f5 22. hxg6 hxg6 23. Bg5 Rc8 24. Bd5+ Nf7 25. Rxe8+ Rxe8 26. Bd2 Rd8 27. Ba2 Kf8 28. Rh7 Kg8 29.
Rh1 Re8 30. b4 Kf8 31. bxc5 bxc5 32. Bb3 Ne5 33. Bf4 Nf7 34. Kg2 g5 35. Bd2 Re2 36. Rd1 g4 37. Kf1 Re8 38. Kg2 Be5 39. Rh1 Kg7 40.
a4 Rh8 41. Re1 Kf6 42. a5 1-0

[Event "Early-Titled-Tuesday-Blitz-January-23-2024"]
[Site "Chess.com"]
[Date "2024.01.23"]
[Round "9"]
[White "Roman_Ovetchkin"]
[Black "deribas12345"]
[Result "1-0"]
[WhiteElo "2630"]
[BlackElo "2455"]
[TimeControl "180+1"]
[EndTime "9:45:46 PST"]
[Termination "Roman_Ovetchkin won by resignation"]

1. d4 Nf6 2. c4 c5 3. d5 b5 4. Qc2 Na6 5. a3 b4 6. e4 d6 7.
h3 g6 8. Nf3 Bg7 9. Bd3 bxa3 10. Rxa3 Nb4 11. Qe2 O-O 12. O-O e6 13. Nc3 exd5 14.
cxd5 Re8 15. Bc4 Bf5 16. Bg5 h6 17. Bxf6 Qxf6 18. Rfa1 Re7 19. e5 dxe5 20. Ne4 Bxe4 21. Qxe4 Qf4 22. Qxf4 exf4 23. d6 Rd7 24. Rd1 Bxb2 25.
Ra5 Bd4 26. Nxd4 Rxd6 27. Rxc5 Rad8 28. Rc7 Rxd4 29. Bxf7+ Kf8 30. Rxd4 Rxd4 31. Bxg6 a5 32. Ra7 Rd1+ 33. Kh2 Ra1 34. Rf7+ Kg8 35. Rxf4 Nc6 36. Be4 Ne5 37. Rf5 Nd7 38. Bc6 Nb6 39. Rb5 Na4 40. Rxa5 Ra3 41. Rxa4 1-0

[Event "Early-Titled-Tuesday-Blitz-January-23-2024"]
[Site "Chess.com"]
[Date "2024.01.23"]
[Round "9"]
[White "Vazabanga"]
[Black "JoliyRoger"]
[Result "1-0"]
[WhiteElo "2686"]
[BlackElo "2487"]
[TimeControl "180+1"]
[EndTime "9:45:48 PST"]
[Termination "Vazabanga won on time"]

1. d4 Nf6 2. c4 e6 3. g3 c5 4. d5 d6 5. Nc3 exd5 6. cxd5 g6 7. Bg2 Bg7 8. Nf3 O-O 9. O-O Na6 10. Nd2 Nc7 11. a4 a6 12. Nc4 Rb8 13. Bf4 Nfe8 14. Ne4 b5 15. Ncxd6 Nxd6 16. Bxd6 Re8 17. Bxc5 bxa4 18.
Nd6 Bxb2 19. Rxa4 Bd7 20. Nxe8 Bxa4 21. Qxa4 Nxe8 22. Qxa6 Be5 23. Rd1 Bd6 24. Bd4 Nc7 25. Qd3 Nb5 26. Ba1 Qe7 27. Rb1 Na3 28. Rxb8+ Bxb8 29. Qd4 f6 30. Qxf6 Qxf6 31. Bxf6 Nc2 32. Bc3 Bd6 33.
e3 Nb4 34. Kf1 Nd3 35. Ke2 Nc5 36. f4 Kf7 37. e4 Na4 38. Bd4 Bc5 39. Kd3 Bxd4 40.
Kxd4 Nb2 41. Bf3 Na4 42. e5 Ke7 43. d6+ Kd7 44. Bg4+ Kc6 45. Be6 h6 46. Bf7 g5 47.
Be8+ 1-0

[Event "Early-Titled-Tuesday-Blitz-January-23-2024"]
[Site "Chess.com"]
[Date "2024.01.23"]
[Round "9"]
[White "Rgoltsman"]
[Black "Zheenbekov86"]
[Result "0-1"]
[WhiteElo "2256"]
[BlackElo "2475"]
[TimeControl "180+1"]
[EndTime "9:45:49 PST"]
[Termination "Zheenbekov86 won by resignation"]

1. b3 d5 2. Bb2 Nf6 3. e3 c5 4.
f4 Nc6 5. Bb5 Bg4 6. Nf3 e6 7.
O-O Be7 8. d3 O-O 9. Bxc6 bxc6 10.
Nbd2 a5 11. a4 Rb8 12. Qe1 c4 13. dxc4 Bxf3 14. Rxf3 Bb4 15. cxd5 cxd5 16. Rg3 Rc8 17. Qd1 Bc3 18. Bxc3 Rxc3 19. Rc1 Qb6 20. Qe2 Rfc8 21. Nf1 Rxb3 22. cxb3 Rxc1 23. Qb2 Qc7 24. Qxf6 g6 25. Qe5 Qc2 26. f5 exf5 27. Qxd5 Rb1 28. Qd8+ Kg7 29. Qd4+ Kg8 30. Qd8+ Kg7 31. Qxa5 Rb2 32. Qd2 Qxd2 33. Nxd2 Rxd2 34. e4 fxe4 35. b4 f5 36. Rb3 f4 37. b5 e3 38. Kf1 Rf2+ 39. Kg1 Ra2 40. b6 Ra1+ 0-1

[Event "Early-Titled-Tuesday-Blitz-January-23-2024"]
[Site "Chess.com"]
[Date "2024.01.23"]
[Round "9"]
[White "NtcPou"]
[Black "IsaqueGoncalvesSanto"]
[Result "1-0"]
[WhiteElo "2010"]
[BlackElo "1807"]
[TimeControl "180+1"]
[EndTime "9:45:49 PST"]
[Termination "NtcPou won on time"]

1. e4 e6 2. d4 d5 3. Nd2 Nf6 4. e5 Nfd7 5. c3 c5 6. Bd3 Nc6 7. Ne2 cxd4 8. cxd4 Qb6 9. Nf3 f6 10. exf6 Nxf6 11. O-O Bd6 12. Bf4 Bxf4 13. Nxf4 O-O 14. g3 Qxb2 15. Re1 Kh8 16. h4 Bd7 17. Rb1 Qxa2 18. Rxb7 Rab8 19. Rxb8 Rxb8 20. Nxe6 Ne4 21. Re2 Nc3 22. Rxa2 Nxd1 23. Nc5 Be8 24. Ne5 Nxd4 25.
Rxa7 Nb5 26. Bxb5 Bxb5 27. Ncd7 Re8 28. Kg2 d4 29. Rb7 Ba6 30. Rb6 Bc8 31. Rd6 Bxd7 32. Nxd7 Nc3 33. Rxd4 Nb5 34. Rd5 Nc7 35. Rc5 Ne6 36.
Rc6 Nd8 37. Rc8 h6 38. Nb6 Kh7 39. Nd5 1-0

[Event "Early-Titled-Tuesday-Blitz-January-23-2024"]
[Site "Chess.com"]
[Date "2024.01.23"]
[Round "9"]
[White "bazar-wokzal"]
[Black "Gabrielian_Artur"]
[Result "1-0"]
[WhiteElo "2576"]
[BlackElo "2758"]
[TimeControl "180+1"]
[EndTime "9:45:50 PST"]
[Termination "bazar-wokzal won by checkmate"]

1. e4 c5 2. c3 Nc6 3. d4 d5 4. dxc5 dxe4 5. Qxd8+ Nxd8 6. Na3 Ne6 7. Bb5+ Bd7 8.
Bxd7+ Kxd7 9. b4 a5 10. Nc4 Kc7 11. Ne2 axb4 12. cxb4 g6 13. Bb2 f6 14. Nc3 Nh6 15.
O-O Nf5 16. Rfe1 Ned4 17. Nb6 Rd8 18. Rxe4 e5 19. Ncd5+ Kc6 20. Nxf6 Bg7 21. Ng4 Rhe8 22. h3 h5 23. Ne3 Nxe3 24. fxe3 Ne2+ 25. Kh2 Rd2 26. Rb1 Rf8 27. Nc4 Rc2 28. b5+ Kd5 29.
Nd6 Rf2 30. Rd1+ Ke6 31. Nc4 Ng3 32. Rd6+ Ke7 33. Kxg3 Rxg2+ 34. Kh4 Bf6+ 35. Rxf6 Kxf6 36. Bxe5+ Kf5 37. Nd6+ Ke6 38. Bd4+ Kd7 39. Nxb7 Rcf2 40. c6+ Kc7 41. Re7+ Kc8 42. Nd6+ Kb8 43. c7+ Ka8 44. c8=Q# 1-0

[Event "Early-Titled-Tuesday-Blitz-January-23-2024"]
[Site "Chess.com"]
[Date "2024.01.23"]
[Round "9"]
[White "FREZZY23"]
[Black "Sanyura"]
[Result "1-0"]
[WhiteElo "2499"]
[BlackElo "2615"]
[TimeControl "180+1"]
[EndTime "9:45:51 PST"]
[Termination "FREZZY23 won by resignation"]

1. Nf3 Nf6 2. g3 g6 3. Bg2 Bg7 4. O-O O-O 5. d4 d6 6. c4 Nbd7 7. Nc3 e5 8. h3 exd4 9. Nxd4 Nc5 10. e4 Re8 11. Re1 Bd7 12. Bg5 h6 13. Bf4 g5 14. Bc1 c6 15. b3 Qa5 16. Bb2 Re7 17. Qc2 Rae8 18. a3 Qb6 19. Rad1 a5 20. Kh2 Nh7 21. Nf3 Qxb3 22. Qxb3 Nxb3 23. Rxd6 Be6 24. Bf1 Nf6 25. e5 Nd7 26. Ne4 Nbc5 27. Nf6+ Kf8 28.
Nh7+ Kg8 29. Nf6+ Kf8 30. Nxe8 Rxe8 31. Bc3 Ra8 32. h4 gxh4 33. Nxh4 Ke8 34. f4 Na4 35. Ba1 Bf8 36. f5 Bxd6 37. fxe6 fxe6 38. exd6 Ndc5 39. Ng6 Kd7 40. Rd1 Rg8 41. Ne5+ Kd8 42.
d7 Ke7 43. Ng6+ Kd8 44. Bf6+ Kc7 45. d8=Q+ Rxd8 46. Bxd8+ 1-0

[Event "Early-Titled-Tuesday-Blitz-January-23-2024"]
[Site "Chess.com"]
[Date "2024.01.23"]
[Round "9"]
[White "Sanan_Sjugirov"]
[Black "scarabee43"]
[Result "1-0"]
[WhiteElo "3011"]
[BlackElo "2814"]
[TimeControl "180+1"]
[EndTime "9:45:52 PST"]
[Termination "Sanan_Sjugirov won by checkmate"]

1. Nf3 d5 2. g3 Nf6 3. Bg2 e6 4. O-O Be7 5. c4 O-O 6. b3 Nbd7 7. Bb2 b6 8. cxd5 exd5 9. d4 Bb7 10. Nc3 Re8 11.
Rc1 a6 12. e3 Bd6 13. Re1 Nf8 14. Re2 Ng6 15. Rec2 h5 16. Ne2 Rc8 17. Nf4 Nxf4 18. exf4 Ne4 19. Ne5 h4 20. Qh5 Qe7 21. Re2 hxg3 22.
hxg3 a5 23. Bxe4 dxe4 24. f3 g6 25. Qh6 Qf8 26. Qxf8+ Bxf8 27. fxe4 f6 28. Nc6 Bc5 29. dxc5 Bxc6 30. Bxf6 Kf7 31. Be5 b5 32. Kf2 b4 33.
Ke3 Red8 34. Rh2 Bb5 35. f5 g5 36. Rh7+ Ke8 37. Bd4 a4 38. c6 axb3 39. axb3 Ra8 40.
Rc5 Bf1 41. Re5+ Kf8 42. f6 Kg8 43. Ree7 Ra2 44. Reg7+ Kf8 45. Rh8# 1-0

[Event "Early-Titled-Tuesday-Blitz-January-23-2024"]
[Site "Chess.com"]
[Date "2024.01.23"]
[Round "9"]
[White "omulcafea"]
[Black "mertfelin"]
[Result "1-0"]
[WhiteElo "2449"]
[BlackElo "2265"]
[TimeControl "180+1"]
[EndTime "9:45:52 PST"]
[Termination "omulcafea won by resignation"]

1. d4 d5 2. Nf3 Nf6 3. c3 e6 4.
g3 Be7 5. Bg2 O-O 6. O-O b6 7.
a4 a5 8. c4 Bb7 9. Ne5 Nbd7 10.
Nc3 Ne4 11. Nxe4 dxe4 12. Bf4 f6 13. Nxd7 Qxd7 14. d5 e5 15. Bd2 f5 16. Bc3 Bd6 17. f3 exf3 18. exf3 Qe7 19. Qd3 Rae8 20. Rae1 Qf6 21.
Kh1 Qg6 22. Re2 Re7 23. Rfe1 Rfe8 24. Bh3 Bc8 25. Qc2 Qf7 26. Bg2 Bd7 27. Qd2 Bxa4 28. b4 axb4 29. Bxb4 Bxb4 30. Qxb4 Bd7 31. Rd2 Bc8 32. d6 cxd6 33. Rxd6 Bb7 34. Rxb6 Rc7 35. c5 Bd5 36. Rd6 Rd7 37. Rd1 Rxd6 38. cxd6 Rd8 39. Qc5 Bb7 40. Qxe5 Qd7 41. h4 h6 42. Qe7 Bc6 43.
Qe5 Re8 44. Qc5 Re6 45. Kh2 Rf6 46. f4 Bxg2 47. Kxg2 Re6 48. Qc7 1-0

[Event "Early-Titled-Tuesday-Blitz-January-23-2024"]
[Site "Chess.com"]
[Date "2024.01.23"]
[Round "9"]
[White "KanalSzachowy"]
[Black "chess_blitz00"]
[Result "1-0"]
[WhiteElo "2352"]
[BlackElo "2441"]
[TimeControl "180+1"]
[EndTime "9:45:53 PST"]
[Termination "KanalSzachowy won on time"]

1. e4 c5 2. Nc3 d6 3. d4 cxd4 4.
Qxd4 Nc6 5. Qd2 Nf6 6. b3 g6 7.
Bb2 Bg7 8. O-O-O O-O 9. Nge2 a6 10. Kb1 b5 11. f3 Bb7 12. Nf4 b4 13. Ncd5 a5 14. h4 a4 15. h5 axb3 16. axb3 Qa5 17. hxg6 Qa2+ 18. Kc1 Qa1+ 19. Bxa1 Rxa1+ 20. Kb2 Nxd5+ 21. c3 bxc3+ 22. Kxa1 cxd2+ 23. Kb1 Nc3+ 24. Kc2 Nxd1 25.
gxh7+ Kh8 26. Kxd1 Ne5 27. Kxd2 Ng6 28. Nxg6+ fxg6 29.
Bc4 Be5 30. b4 Rc8 31. Kd3 Ra8 32. b5 Ra3+ 33. Ke2 Rc3 34. Bd3 Rb3 35. Rc1 Rb2+ 36. Kf1 Bf4 37. Rc7 Rb3 38. Ke2 Rb2+ 39. Ke1 Bg3+ 40. Kd1 Bf4 41. g3 Bxg3 42. Kc1 Rb3 43. Kc2 Rb4 44. Rxb7 Bh4 45. Kc3 Be1+ 46. Kc2 Bh4 47.
e5 dxe5 48. Bxg6 1-0

[Event "Early-Titled-Tuesday-Blitz-January-23-2024"]
[Site "Chess.com"]
[Date "2024.01.23"]
[Round "9"]
[White "Sina_Movahed"]
[Black "Yaacovn"]
[Result "1-0"]
[WhiteElo "2984"]
[BlackElo "2802"]
[TimeControl "180+1"]
[EndTime "9:45:56 PST"]
[Termination "Sina_Movahed won by resignation"]

1. Nf3 Nf6 2. c4 b6 3. Nc3 Bb7 4. g3 Bxf3 5. exf3 c5 6. Bg2 Nc6 7. O-O g6 8. f4 Bg7 9. d3 O-O 10. Re1 e6 11. Be3 Rc8 12. Rc1 d5 13. cxd5 Nxd5 14.
Bd2 Ncb4 15. Nxd5 Nxd5 16. Qb3 Qd7 17. h4 h5 18. Red1 Rfd8 19. Bf3 Ne7 20. Bc3 Nf5 21.
Kg2 Qe7 22. Qa4 Rd7 23. Bc6 Rdc7 24. Be4 Nd6 25. Bf3 Rd8 26. Kg1 Nf5 27. Be4 Nd6 28. Bg2 Qd7 29. Qc2 Nb5 30. Re1 Nxc3 31. bxc3 Qxd3 32. Red1 Rcd7 33. Rxd3 Rxd3 34. Qa4 Bxc3 35.
Bf1 R3d4 36. Qxa7 Ba5 37. Rc2 Rd1 38. Kg2 Re1 39. Bc4 Rdd1 40. Re2 Rg1+ 41. Kf3 Rc1 42.
Qa6 Rc3+ 43. Re3 Rc2 44. Bxe6 Be1 45. Bxf7+ Kg7 46. Rxe1 Rxe1 47. Qd3 Ree2 48. Qxg6+ Kf8 49. Qxh5 Rxf2+ 50. Kg4 Rg2 51. Bd5 Ke7 52. Bxg2 1-0

[Event "Early-Titled-Tuesday-Blitz-January-23-2024"]
[Site "Chess.com"]
[Date "2024.01.23"]
[Round "9"]
[White "dosto07"]
[Black "Slovineanu"]
[Result "1-0"]
[WhiteElo "2533"]
[BlackElo "2410"]
[TimeControl "180+1"]
[EndTime "9:45:57 PST"]
[Termination "dosto07 won on time"]

1. e4 e5 2. Nf3 Nc6 3. Bb5 a6 4. Ba4 Bc5 5. d3 Nge7 6. O-O O-O 7. Be3 Bxe3 8. fxe3 b5 9. Bb3 d5 10. exd5 Nxd5 11.
Qe1 Be6 12. Nbd2 f6 13. d4 exd4 14. Nxd4 Nxd4 15. exd4 Bf7 16. Qg3 Re8 17. Rae1 Qd6 18. Qf3 c6 19. Ne4 Qf8 20. Qg3 Kh8 21. Nd6 Rxe1 22.
Rxe1 Rd8 23. Nb7 Re8 24. Nc5 a5 25. c3 a4 26. Bc2 g6 27. Qf2 Kg7 28. Rf1 Qd6 29.
Ne4 Qe6 30. Bd3 f5 31. Ng5 Qe3 32.
Nxf7 Qxf2+ 33. Kxf2 Kxf7 34. Rc1 Nf4 35. Bf1 g5 36. g3 Ne6 37. Bg2 Rc8 38. d5 cxd5 39. Bxd5 Kf6 40. Re1 Nc5 41. Rd1 Rd8 42. Ke3 Ne4 43.
Rd4 Ke5 44. Bxe4 Re8 45. Rd5+ 1-0

[Event "Early-Titled-Tuesday-Blitz-January-23-2024"]
[Site "Chess.com"]
[Date "2024.01.23"]
[Round "9"]
[White "Grischuk"]
[Black "sokidze"]
[Result "1-0"]
[WhiteElo "3074"]
[BlackElo "2850"]
[TimeControl "180+1"]
[EndTime "9:45:59 PST"]
[Termination "Grischuk won on time"]

1. d4 d5 2. Nf3 Nf6 3. Bg5 Ne4 4.
Bh4 Qd6 5. c4 dxc4 6. e3 c6 7.
Bxc4 g6 8. Ne5 Be6 9. Qb3 Bxc4 10. Nxc4 Qc7 11. Nc3 Nxc3 12. Bg3 Qc8 13. bxc3 Bg7 14. a4 b6 15. O-O O-O 16. e4 Nd7 17. e5 e6 18. Bh4 Qc7 19. Be7 Nc5 20. dxc5 Qxe7 21. cxb6 axb6 22. Qxb6 Rfb8 23. Qxc6 Rc8 24. Qe4 Qc5 25. Nd6 Rcb8 26. Rfe1 Qxc3 27. g3 Qb4 28. Qf3 Rf8 29. Re4 Qb2 30. Rae1 Qa2 31. Rf4 g5 32.
Rxf7 Kh8 33. Re4 h6 34. Kg2 Kg8 35. h4 Qd5 36. hxg5 hxg5 37. Kg1 Rab8 38. Qh5 1-0